 Dungeon Crawl Stone Soup version 0.29.1-2-gbd0b4ee654 (webtiles) character file.

Game seed: 18241862803815741138

282 GorkyZ the Shield-Bearer (level 6, -5/48 HPs)
             Began as a Formicid Fighter on Nov 22, 2022.
             Killed by divine providence
             ... invoked by an orc priest
              (9 damage)
             ... on level 4 of the Dungeon.
             The game lasted 00:06:48 (2856 turns).

GorkyZ the Shield-Bearer (Formicid Fighter)         Turns: 2856, Time: 00:06:49

Health: -5/48      AC:  9    Str: 22    XL:     6   Next: 53%
Magic:  6/6        EV:  5    Int: 11    God:
Gold:   168        SH: 16    Dex: 13    Spells: 5/5 levels left

rFire   . . .      SeeInvis +   a - +0 war axe
rCold   + + .      Faith    .   q - +3 tower shield "Gawaff" {rC++ Int+3}
rNeg    . . .      Spirit   .   p - +0 chain mail
rPois   .          Reflect  .   (helmet unavailable)
rElec   .          Harm     .   (no cloak)
rCorr   .          Rampage  .   (no gloves)
Will    .....                   (no boots)
Stlth   ..........              (no amulet)
HPRegen 0.16/turn               (no ring)
MPRegen 0.10/turn               (no ring)

@: no status effects
A: permanent stasis, dig shafts and tunnels, antennae 3, four strong arms
a: Dig, Shaft Self


You were on level 4 of the Dungeon.
You visited 1 branch of the dungeon, and saw 4 of its levels.

You collected 168 gold pieces.

Inventory:

Hand Weapons
 a - a +0 war axe (weapon)
Missiles
 r - 5 javelins
Armour
 b - a +0 scale mail
 c - a +0 buckler
 o - a +0 kite shield
 p - a +0 chain mail (worn)
 q - the +3 tower shield "Gawaff" (worn) {rC++ Int+3}
   (You found it on level 2 of the Dungeon)

   Int:       It affects your intelligence (+3).
   rC:        It greatly protects you from cold.
Jewellery
 k - a ring of ice
 v - an amulet of magic regeneration
Scrolls
 e - a scroll of vulnerability {unknown}
 f - 4 scrolls of teleportation {unknown}
 g - 3 scrolls of enchant armour {unknown}
 h - 5 scrolls of identify {unknown}
 j - 2 scrolls of amnesia {unknown}
 n - a scroll of fog {unknown}
 t - a scroll of poison {unknown}
 w - 2 scrolls of summoning {unknown}
 y - a scroll of silence {unknown}
Potions
 d - 2 potions of might
 i - a potion of haste {unknown}
 l - 3 potions of heal wounds {unknown}
 m - a potion of mutation {unknown}
 s - a potion of lignification {unknown}
 u - 3 potions of curing {unknown}
 x - a potion of attraction {unknown}


   Skills:
 + Level 4.1 Fighting
 + Level 2.9 Axes
 + Level 1.8 Throwing
 + Level 4.1 Armour
 + Level 1.9 Dodging
 + Level 5.0 Shields
 + Level 2.2 Evocations


You had 5 spell levels left.
You didn't know any spells.
Your spell library contained the following spells:

 Spells                   Type           Power      Damage    Failure   Level
 Magic Dart               Conj           0%         1d3       100%        1
 Call Imp                 Summ           0%         N/A       100%        2
 Gell's Gravitas          Tloc           0%         N/A       100%        3
 Mephitic Cloud           Conj/Pois/Air  0%         N/A       100%        3
 Summon Guardian Golem    Hex/Summ       0%         N/A       100%        3
 Teleport Other           Tloc           0%         N/A       100%        3
 Dispersal                Tloc           0%         N/A       100%        6
 Orb of Destruction       Conj           0%         9d5       100%        7
 Spellforged Servitor     Conj/Summ      0%         N/A       100%        7


Dungeon Overview and Level Annotations

Branches:
Dungeon (4/15)
 Temple: D:4-7

Altars:
Okawaru
Yredelemnul

Shops:
D:1 *


Innate Abilities, Weirdness & Mutations

You cannot be hasted, slowed, berserked, paralysed or teleported.
You can dig through walls and to a lower floor.
You have a pair of large antennae on your head. (SInv)
Your four strong arms can wield two-handed weapons with a shield.


Message History

The orc priest mumbles some strange prayers to Beogh against you.
Beogh smites you!
* * * LOW HITPOINT WARNING * * *
You are too injured to fight recklessly!
You are too injured to fight recklessly!
You are too injured to fight recklessly!
You are too injured to fight recklessly!
You are too injured to fight recklessly!
You are too injured to fight recklessly!
You are too injured to fight recklessly!
You are too injured to fight recklessly!
You are too injured to fight recklessly!
You are too injured to fight recklessly!
You are too injured to fight recklessly!
You are too injured to fight recklessly!
You are too injured to fight recklessly!
You are too injured to fight recklessly!
You are too injured to fight recklessly!
You barely miss the orc priest.
The orc priest is lightly wounded.
The orc priest hits you with a +0 mace.
* * * LOW HITPOINT WARNING * * *
You hit the orc priest.
The orc priest is lightly wounded.
The orc priest mumbles some strange prayers to Beogh against you.
Pain shoots through your body!
* * * LOW HITPOINT WARNING * * *
You block the orc priest's attack.
You hit the orc priest but do no damage.
The orc priest is lightly wounded.
You block the orc priest's attack. x2
You closely miss the orc priest.
The orc priest is lightly wounded.
The orc priest hits you but does no damage.
You slash the orc priest!
The orc priest is almost dead.
The orc priest hits you but does no damage.
The orc priest invokes the aid of Beogh against you.
Beogh smites you!
You die...

## #.......#
.###.......# +#
..##.......# #.#
#.##.......# #.$#
#...†......# ...#
####.####### ..#.#
#..# ###....# ##.#
###)o.# ##'######
#..@# #.†.....#
#.### #.......# #.#
#.......###.#
#.......+...#
#.......#..##
###.......#..#
#.........#..#
#...####.....######


You could see an orc priest.

Vanquished Creatures
  A phantom (D:4)
  An iguana (D:4)
  2 orc wizards (D:3)
  5 adders
  A dart slug (D:3)
  8 orcs
  4 ball pythons
  3 bats
  6 endoplasms
  5 giant cockroaches
  4 goblins
  11 hobgoblins
  4 jackals (D:2)
  8 kobolds
  5 quokkas
  3 frilled lizards
  A rat (D:2)
  A spectral orc (D:3)
73 creatures vanquished.

Notes
Turn   | Place    | Note
-------+----------+-------------------------------------------
     0 | D:1      | GorkyZ the Formicid Fighter began the quest for the Orb.
     0 | D:1      | Reached XP level 1. HP: 18/18 MP: 1/1
   121 | D:1      | Reached XP level 2. HP: 22/24 MP: 2/2
   669 | D:1      | Found Byen's Assorted Antiques.
   733 | D:1      | Reached XP level 3. HP: 29/29 MP: 3/3
  1004 | D:2      | Found an iron altar of Okawaru.
  1018 | D:2      | Reached skill level 1 in Dodging
  1162 | D:2      | Reached skill level 1 in Evocations
  1217 | D:2      | Reached skill level 1 in Throwing
  1217 | D:2      | Reached XP level 4. HP: 22/36 MP: 4/4
  1448 | D:2      | Identified the +3 tower shield "Gawaff" {rC++ Int+3}
  1764 | D:3      | Reached XP level 5. HP: 21/42 MP: 5/5
  2346 | D:3      | Found a basalt altar of Yredelemnul.
  2621 | D:4      | Noticed a phantom
  2645 | D:4      | Killed a phantom
  2646 | D:4      | Reached skill level 5 in Shields
  2646 | D:4      | Reached XP level 6. HP: 24/48 MP: 6/6
  2856 | D:4      | Killed from afar by an orc priest

Illustrated notes

Levels and vault maps discovered:
D:1:      dpeg_arrival_refuge, layout_basic, serial_shops, shop
D:2:      kennysheep_six_static_rooms, layout_basic, basic_altar,
          interstate_on_off
D:3:      layout_loops_ring, yredelemnul_forgotten_temple_becter
D:4:      layout_basic

Skill      XL: |  1  2  3  4  5 |
---------------+----------------+-----
Dodging        | 1 |  1.9
Evocations     | 1 2 |  2.2
Throwing       | 1 |  1.8
Fighting       | 4 |  4.1
Armour         | 4 |  4.1
Shields        | 5 |  5.0
Axes           | |  2.9

Action                   |  1- 3 |  4- 6 || total
-------------------------+-------+-------++-------
Melee: War axe           |    84 |   139 ||   223
Armor: Scale mail        |    39 |     3 ||    42
       Chain mail        |       |    60 ||    60
Dodge: Dodged            |    39 |    28 ||    67
Block: Buckler           |    20 |       ||    20
       Kite shield       |     4 |    19 ||    23
       Tower shield      |       |    98 ||    98
